Map: [ESL] Oceanborn

Players

MaNa

  • Race: Protoss Protoss
  • Spawn Location: 11:00

Creator - Winner!

  • Race: Protoss Protoss
  • Spawn Location: 5:00

Event: ESL SC2 Masters 2023 Winter (Finals)

VOD

Have the link to the VOD?

Description

Time

  • Played on: Dec. 15, 2023, 11:27 a.m.
  • Length: 6:12

All games in this series

Show
View Real Time Build Order
Export as new Build Order

MaNa Protoss 

Build Orders: Oracle Opening 

Get SALT Encoding   

  12  0:00  Probe  
  13  0:12  Probe  
  14  0:17  Pylon  
  14  0:24  Probe (Chrono Boost)  
  15  0:36  Gateway, Probe (Chrono Boost)  
  16  0:44  Probe (Chrono Boost)  
  16  0:46  Assimilator  
  17  0:50  Probe  
  18  1:03  Probe (Chrono Boost)  
  19  1:04  Assimilator  
  20  1:11  Gateway  
  20  1:12  Probe (Chrono Boost)  
  20  1:17  Probe (Chrono Boost)  
  20  1:23  Cybernetics Core  
  21  1:29  Probe  
  22  1:37  Pylon  
  22  1:41  Probe  
  23  1:55  Probe  
  23  2:00  Warp Gate, Stalker x2  
  28  2:07  Probe  
  29  2:13  Pylon  
  29  2:19  Probe  
  30  2:27  Pylon  
  30  2:31  Probe  
  31  2:38  Stalker x2  
  31  2:43  Probe  
  35  2:47  Stargate  
  35  3:11  Nexus  
  35  3:14  Probe  
  35  3:19  Pylon  
  37  3:27  Oracle (Chrono Boost)  
  39  3:37  Probe  
  39  3:40  Twilight Council  
  40  3:49  Probe  
  40  3:50  Robotics Facility  
  41  4:01  Adept x2  
  45  4:07  Shield Battery  
  45  4:12  Shield Battery  
  45  4:24  Adept  
  45  4:25  Adept  
  49  4:32  Pylon  
  45  4:51  Immortal (Chrono Boost)  
  45  4:53  Adept x2  
  49  5:00  Shield Battery x2  
  49  5:04  Shield Battery  
  49  5:17  Pylon  
  41  5:39  Adept x2  
  20  6:07  Adept x2  
Show
View Real Time Build Order
Export as new Build Order

Creator Protoss - Winner!

Build Orders:  

Get SALT Encoding   

  12  0:00  Probe  
  13  0:12  Probe  
  14  0:17  Pylon  
  14  0:24  Probe (Chrono Boost)  
  15  0:37  Gateway, Probe (Chrono Boost)  
  16  0:45  Probe (Chrono Boost)  
  16  0:46  Assimilator  
  17  0:51  Probe  
  17  0:54  Assimilator  
  18  1:03  Probe (Chrono Boost)  
  19  1:07  Gateway  
  19  1:12  Probe (Chrono Boost)  
  19  1:17  Probe (Chrono Boost)  
  20  1:24  Cybernetics Core  
  21  1:29  Probe  
  22  1:34  Pylon  
  22  1:41  Probe  
  23  1:53  Probe  
  24  2:00  Adept x2  
  24  2:01  Warp Gate  
  28  2:13  Robotics Facility, Pylon  
  28  2:30  Stalker  
  28  2:31  Stalker  
  32  2:47  Gateway  
  32  2:58  Immortal (Chrono Boost)  
  32  3:01  Sentry  
  38  3:09  Pylon  
  37  3:27  Warp Prism (Chrono Boost)  
  39  3:42  Pylon  
  38  3:49  Adept x3  
  44  3:55  Shield Battery  
  44  4:06  Pylon  
  44  4:16  Pylon  
  44  4:25  Adept x2  
  44  4:27  Stalker  
  50  4:50  Stalker x2  
  54  4:53  Stalker  
  56  5:14  Sentry  
  58  5:18  Stalker  
  58  5:21  Observer  
  59  5:39  Adept x2  
  59  5:42  Stalker  
  55  6:00  Adept x2  
  59  6:07  Stalker  
Tags
 
Add a new tag
Caveats
  • Supply blocks, unpowered buildings, or Contaminate may cause inaccurate times.
  • Supply counts are checked every 10 seconds.